 Dungeon Crawl Stone Soup version 0.20.1-1-g8b1a95d (webtiles) character file.

7587 Fondut the Grappler (level 10, 0/104 HPs)
             Began as a Troll Monk on Nov 11, 2017.
             Was an Elder of Makhleb.
             Splashed by a brown ugly thing's acid (8 damage)
             ... on level 11 of the Dungeon.
             The game lasted 00:25:32 (8305 turns).

Fondut the Grappler (Troll Monk)                    Turns: 8305, Time: 00:25:32

Health: 0/104      AC:  6    Str: 24    XL:     10   Next: 97%
Magic:  9/9        EV: 10    Int:  6    God:    Makhleb [****..]
Gold:   509        SH:  0    Dex: 12    Spells: 9/9 levels left

rFire    + . .     SeeInvis .     - Unarmed
rCold    + + .     Gourm    +   (no shield)
rNeg     . . .     Faith    .   J - +0 robe {rC+}
rPois    .         Spirit   .   (helmet restricted)
rElec    .         Reflect  .   S - +0 cloak (curse)
rCorr    .         Harm     .   (gloves unavailable)
MR       .....                  (boots unavailable)
Stlth    ++........             k - amulet of regeneration
Regen    1.1/turn               d - ring of protection from cold
MPRegen  0.2/turn               q - ring of protection from fire

@: no status effects
A: unfitting armour, claws 3, fast metabolism 3, gourmand, regeneration 1,
shaggy fur 1, tough skin 2
a: Minor Destruction, Lesser Servant of Makhleb, Major Destruction, Renounce
Religion


You were on level 11 of the Dungeon.
You worshipped Makhleb.
Makhleb was greatly pleased with you.
You were completely stuffed.

You visited 2 branches of the dungeon, and saw 12 of its levels.

You collected 509 gold pieces.

Inventory:

Missiles
 F - 3 large rocks (quivered)
Armour
 a - a +0 robe
 J - a +0 robe of cold resistance (worn)
 S - a cursed +0 cloak (worn)
Jewellery
 d - a ring of protection from cold (left claw)
 k - an amulet of regeneration (around neck)
 q - a ring of protection from fire (right claw)
 t - a +3 ring of dexterity {unknown}
 A - a +3 amulet of reflection {unknown}
 C - an uncursed amulet of the gourmand {unknown}
 H - an uncursed ring of see invisible {unknown}
 T - an uncursed ring of protection from magic {unknown}
Wands
 y - a wand of polymorph (10/24)
 E - a wand of random effects (24/48)
 I - a wand of confusion (24/48)
 Q - a wand of flame (16/48)
 U - a wand of enslavement (11/24)
Scrolls
 e - 2 scrolls of amnesia
 f - 2 scrolls of fog
 g - 2 scrolls of teleportation {unknown}
 m - a scroll of identify
 n - 2 scrolls of enchant weapon {unknown}
 o - a scroll of enchant armour {unknown}
 B - a scroll of magic mapping {unknown}
 D - 3 scrolls of remove curse {unknown}
 L - a scroll of blinking {unknown}
Potions
 h - a potion of ambrosia {unknown}
 i - a potion of resistance {unknown}
 p - a potion of mutation {unknown}
 r - 7 potions of curing
 u - a potion of heal wounds {unknown}
 v - a potion of flight {unknown}
 z - a potion of cancellation {unknown}
 G - a potion of haste
 K - 2 potions of lignification {unknown}
 M - a potion of experience {unknown}
 O - a potion of might {unknown}
 P - a potion of berserk rage {unknown}
Books
 s - a book of Party Tricks

   Spells                             Type                      Level
   a - Summon Butterflies             Summoning                    1
   b - Apportation                    Translocation                1
   c - Lesser Beckoning               Translocation                3
   d - Tukima's Dance                 Hexes                        3
   e - Alistair's Intoxication        Transmutation/Poison         5
   f - Invisibility                   Hexes                        6
 w - a book of Necromancy

   Spells                             Type                      Level
   a - Pain                           Necromancy                   1
   b - Animate Skeleton               Necromancy                   1
   c - Vampiric Draining              Necromancy                   3
   d - Regeneration                   Charms/Necromancy            3
   e - Animate Dead                   Necromancy                   4
   f - Control Undead                 Necromancy                   4
 x - a book of Minor Magic

   Spells                             Type                      Level
   a - Magic Dart                     Conjuration                  1
   b - Blink                          Translocation                2
   c - Call Imp                       Summoning                    2
   d - Slow                           Hexes                        2
   e - Conjure Flame                  Conjuration/Fire             3
   f - Mephitic Cloud                 Conjuration/Poison/Air       3
 N - a book of Flames

   Spells                             Type                      Level
   a - Flame Tongue                   Conjuration/Fire             1
   b - Throw Flame                    Conjuration/Fire             2
   c - Conjure Flame                  Conjuration/Fire             3
   d - Inner Flame                    Hexes/Fire                   3
   e - Sticky Flame                   Conjuration/Fire             4
   f - Fireball                       Conjuration/Fire             5
Comestibles
 b - 9 bread rations
 c - 5 royal jellies
 j - 28 fruits
 l - 4 meat rations
 R - 4 chunks of flesh


   Skills:
 + Level 7.8 Fighting
 + Level 5.4 Armour
 - Level 2.4 Dodging
 - Level 1.0 Stealth
 * Level 12.8 Unarmed Combat


You had 9 spell levels left.
You didn't know any spells.

Dungeon Overview and Level Annotations

Branches:
Dungeon (11/15)            Temple (1/1) D:4
   Lair: D:8-11         Orc: D:9-12

Altars:
Ashenzari
Cheibriados
Dithmenos
Elyvilon
Fedhas
Gozag
Hepliaklqana
Kikubaaqudgha
Makhleb
Nemelex Xobeh
Okawaru
Qazlal
Ru
Sif Muna
Trog
Uskayaw
Vehumet
Xom
Yredelemnul
Zin
The Shining One

Shops:
D:4 ?   D:6 (   D:8 (


Innate Abilities, Weirdness & Mutations

You are too large for most types of armour.
You have claws for hands.
Your metabolism is lightning-fast.
You like to eat raw meat.
Your natural rate of healing is unusually fast.
You are covered in fur. (AC +1)
You have very tough skin. (AC +2)


Message History

The brown ugly thing barely misses you.
You barely miss the brown ugly thing.
The brown ugly thing is heavily wounded.
You claw the brown ugly thing! Your claw misses the brown ugly thing.
The brown ugly thing is severely wounded.
The brown ugly thing tail-slaps you.
You are splashed with acid!
The acid burns!
* * * LOW HITPOINT WARNING * * *
You barely miss the brown ugly thing. You claw the brown ugly thing!
The brown ugly thing is severely wounded.
The brown ugly thing tail-slaps you.
* * * LOW HITPOINT WARNING * * *
You are splashed with acid!
The acid burns!
* * * LOW HITPOINT WARNING * * *
You scratch the brown ugly thing.
The brown ugly thing is severely wounded.
The brown ugly thing tail-slaps you!
* * * LOW HITPOINT WARNING * * *
You are splashed with acid!
The acid burns!
You die...

#..%..............
#.................
####...))............
.........[....<.......
......................
......|............###
..########.######..#
.. ..).....######..###
.........†u@.......
######..########...
#..# ... #..#
...........#
...........#
......#####.. ####..
Y.. #.. u.


You could see a brown ugly thing.

Vanquished Creatures
  2 two-headed ogres
  A death yak (D:11)
  A cyclops (D:10)
  A troll (D:10)
  A hippogriff (D:10)
  5 yaks (D:10)
  A hungry ghost (D:9)
  Menkaure (D:4)
  A soldier ant (D:10)
  A water moccasin (D:9)
  An eye of draining (D:10)
  2 orc warriors
  4 ice beasts
  2 black bears
  2 sky beasts
  A necrophage (D:11)
  3 ogres
  8 centaurs
  A big kobold (D:9)
  A bullfrog (D:8)
  A gnoll sergeant (D:7)
  The ghost of Fondut the Ruffian, a weakling TrMo (D:3)
  2 scorpions
  A water moccasin skeleton (D:4)
  A howler monkey (D:9)
  3 crimson imps
  A jelly (D:10)
  A quasit (D:7)
  4 orc priests
  A bullfrog skeleton (D:8)
  3 hounds
  11 orc wizards
  Jessica (D:3)
  Terence (D:2)
  3 iguanas
  8 worker ants
  A killer bee zombie (D:9)
  A hound zombie (D:9)
  2 hound skeletons
  17 adders
  11 gnolls
  A howler monkey skeleton (D:6)
  A river rat (D:4)
  A shadow imp (D:5)
  2 oozes
  An adder skeleton (D:8)
  4 worms
  A dart slug (D:1)
  8 leopard geckos
  18 orcs
  4 giant cockroaches
  16 goblins
  9 hobgoblins
  11 jackals
  3 quokkas
  6 bats
  6 frilled lizards
  2 kobolds
  9 rats
218 creatures vanquished.

Notes
Turn   | Place    | Note
-------+----------+-------------------------------------------
     0 | D:1      | Fondut the Troll Monk began the quest for the Orb.
     0 | D:1      | Reached XP level 1. HP: 22/22 MP: 0/0
   256 | D:1      | Found a sparkling altar of Nemelex Xobeh.
   345 | D:1      | Reached XP level 2. HP: 29/29 MP: 1/1
  1029 | D:2      | Reached skill level 4 in Unarmed Combat
  1046 | D:2      | Reached XP level 3. HP: 36/36 MP: 2/2
  1163 | D:2      | Noticed Terence
  1176 | D:2      | Killed Terence
  1516 | D:2      | Reached XP level 4. HP: 44/44 MP: 3/3
  1758 | D:2      | Reached skill level 5 in Unarmed Combat
  2044 | D:2      | Reached XP level 5. HP: 53/53 MP: 4/4
  2152 | D:3      | Noticed Jessica
  2156 | D:3      | Killed Jessica
  2347 | D:3      | Found a shadowy altar of Dithmenos.
  2353 | D:3      | Found an iron altar of Okawaru.
  2354 | D:3      | Found a glowing silver altar of Zin.
  2354 | D:3      | Found a shimmering altar of Xom.
  2354 | D:3      | Found a hazy altar of Hepliaklqana.
  2354 | D:3      | Found a radiant altar of Vehumet.
  2370 | D:3      | Found a blossoming altar of Fedhas.
  2371 | D:3      | Found an ancient bone altar of Kikubaaqudgha.
  2402 | D:3      | Noticed Fondut's ghost (weakling TrMo)
  2410 | D:3      | Killed Fondut's ghost
  2776 | D:4      | Found a staircase to the Ecumenical Temple.
  2780 | D:4      | Reached skill level 6 in Unarmed Combat
  2780 | D:4      | Reached XP level 6. HP: 61/61 MP: 5/5
  2789 | Temple   | Entered the Ecumenical Temple
  2960 | Temple   | Became a worshipper of Makhleb the Destroyer
  2960 | Temple   | Reached * piety under Makhleb
  2960 | Temple   | Reached ** piety under Makhleb
  3060 | D:4      | Found Wyariek's Magic Scroll Shop.
  3084 | D:4      | Noticed Menkaure
  3393 | D:4      | Killed Menkaure
  3393 | D:4      | Reached skill level 7 in Unarmed Combat
  3393 | D:4      | Reached XP level 7. HP: 12/70 MP: 6/6
  4067 | D:5      | Entered Level 5 of the Dungeon
  4067 | D:5      | Found a shadowy altar of Dithmenos.
  4137 | D:5      | Reached skill level 8 in Unarmed Combat
  4182 | D:5      | Found a blossoming altar of Fedhas.
  4281 | D:5      | Reached skill level 5 in Fighting
  4281 | D:5      | Reached XP level 8. HP: 77/80 MP: 7/7
  4894 | D:6      | Reached skill level 9 in Unarmed Combat
  4977 | D:6      | Reached *** piety under Makhleb
  5089 | D:6      | Reached skill level 1 in Armour
  5219 | D:6      | Found Qucoku's Weapon Shoppe.
  6048 | D:7      | Reached XP level 9. HP: 15/89 MP: 8/8
  6216 | D:7      | Reached skill level 10 in Unarmed Combat
  6445 | D:8      | Found Isaaca's Weapon Boutique.
  6517 | D:8      | Reached **** piety under Makhleb
  6916 | D:9      | Noticed a two-headed ogre
  6938 | D:9      | Killed a two-headed ogre
  6938 | D:9      | Reached skill level 11 in Unarmed Combat
  7163 | D:9      | Reached XP level 10. HP: 100/100 MP: 9/9
  7374 | D:10     | Entered Level 10 of the Dungeon
  7626 | D:10     | Noticed a two-headed ogre
  7641 | D:10     | Killed a two-headed ogre
  7641 | D:10     | Reached skill level 12 in Unarmed Combat
  7879 | D:10     | Reached skill level 5 in Armour
  7886 | D:10     | Noticed a cyclops
  7895 | D:10     | Killed a cyclops
  8280 | D:11     | Noticed a death yak
  8280 | D:11     | Noticed a brown ugly thing
  8283 | D:11     | Noticed a death yak
  8298 | D:11     | Killed a death yak
  8305 | D:11     | Splashed by a brown ugly thing's acid

Skill      XL: |  1  2  3  4  5  6  7  8  9 10 |
---------------+-------------------------------+-----
Unarmed Combat | 4 5 6 7 8 9 11 12 | 12.8
Fighting       | 3 4 5 6 7 |  7.8
Armour         | 2 4 5 |  5.4
Dodging        | |  2.4
Stealth        | |  1.0

Action                   |  1- 3 |  4- 6 |  7- 9 | 10-12 || total
-------------------------+-------+-------+-------+-------++-------
Melee: Unarmed           |    86 |   135 |   279 |   164 ||   664
       Punch             |     1 |     4 |     5 |    11 ||    21
  Use: Scroll            |       |     1 |       |     8 ||     9
 Stab: Sleeping          |     2 |     3 |     3 |       ||     8
       Distracted        |       |     2 |       |       ||     2
  Eat: Chunk             |    18 |    17 |    36 |    20 ||    91
Armor: Robe              |    35 |    32 |    77 |    31 ||   175
Dodge: Dodged            |    47 |    49 |   150 |    63 ||   309
